 Dungeon Crawl Stone Soup version 0.28-a0-1159-g27aa881441 (webtiles) character file.

Game seed: 7018935229131289317

64 ducksouse the Ducker (level 3, -1/18 (27) HPs)
             Began as a Demonspawn Gladiator on Dec 15, 2021.
             Slain by an orc (3 damage)
             ... on level 3 of the Dungeon.
             The game lasted 00:03:43 (1895 turns).

ducksouse the Ducker (Demonspawn Gladiator)         Turns: 1895, Time: 00:03:43

HP:   -1/18 (27)    AC:  5    Str: 16    XL:     3   Next: 91%
MP:   3/3           EV: 12    Int:  9    God:
Gold: 82            SH:  0    Dex: 14    Spells: 2/2 levels left

rFire   . . .      SeeInvis .   a - +0 long sword
rCold   . . .      Faith    .   (no shield)
rNeg    . . .      Spirit   .   b - +0 leather armour
rPois   .          Reflect  .   g - +2 hat
rElec   .          Harm     .   (no cloak)
rCorr   .          Rampage  .   (no gloves)
Will    .....                   (no boots)
Stlth   +.........              (no amulet)
HPRegen 0.06/turn               (no ring)
MPRegen 0.08/turn               (no ring)

@: confused, very heavily drained
A: condensation shield, demonic magic 1
a: no special abilities


You were on level 3 of the Dungeon.
You visited 1 branch of the dungeon, and saw 3 of its levels.

You collected 82 gold pieces.

Inventory:

Hand Weapons
 a - a +0 long sword (weapon)
 m - a +1 vorpal hand axe
Missiles
 d - a throwing net (quivered)
Armour
 b - a +0 leather armour (worn)
 c - a +0 helmet
 e - a +0 chain mail
 g - a +2 hat (worn)
 k - a +0 tower shield
 l - a +0 pair of boots
 n - a +0 ring mail
Jewellery
 f - a ring of see invisible
Scrolls
 h - a scroll of torment {unknown}
 i - a scroll of noise {unknown}
 j - a scroll of vulnerability {unknown}
 o - a scroll of fog {unknown}


   Skills:
 + Level 2.1 Fighting
 + Level 3.3 Long Blades
 + Level 1.8 Throwing
 + Level 1.0 Armour
 + Level 3.3 Dodging
 + Level 0.3 Stealth
 * Level 0.4 Spellcasting


You had 2 spell levels left.
You didn't know any spells.
Your spell library was empty.

Dungeon Overview and Level Annotations

Branches:
Dungeon (3/15)

Altars:


Innate Abilities, Weirdness & Mutations

A meltable shield of frost defends you. (SH +4)
Spells you cast may paralyse adjacent enemies.


Message History

You hear some strange, mumbled words.
Something tries to affect you, but you resist.
You miss something. Something hits you but does no damage.
You feel drained.
You barely miss something. Something hits you but does no damage.
You feel drained.
You hit something.
You hear some strange, mumbled words.
You are confused.
You're too confused to move!
The orc hits you but does no damage. Something hits you.
You feel drained.
You bump into the rock wall.
The orc hits you but does no damage. Something hits you.
You feel drained.
You bump into the rock wall.
The orc misses you. Something hits you.
You feel drained.
You hit the orc.
The orc is lightly wounded.
The orc hits you with a +0 dagger. Something hits you.
You feel drained.
You barely miss something. The orc closely misses you. Something hits you.
You feel drained.
You miss the orc.
The orc is lightly wounded.
The orc hits you but does no damage.
You hear some strange, mumbled words.
A magic dart appears from out of thin air!
The magic dart hits you!
* * * LOW HITPOINT WARNING * * *
You feel less confused.
You hear some strange, mumbled words.
You are confused.
The orc completely misses you.
You hit the orc.
The orc is moderately wounded.
Something hits you.
* * * LOW HITPOINT WARNING * * *
You feel drained. The orc hits you but does no damage.
Unknown command.
You closely miss something. Something hits you.
* * * LOW HITPOINT WARNING * * *
You feel drained. The orc hits you with a +0 dagger.
You die...

######### ##
..ooo...# .
#.#.####
########.#....#
#.......).....# #
#.######.######
#.#.#<######......#
#.......@o.>####.#
#.#....†.#{###
######.#.# #.#.#
#.#.# #.#.# ..#.#
###.# #.#


You could see an orc.

Vanquished Creatures
  Terence (D:2)
  A dart slug (D:1)
  An orc (D:3)
  3 ball pythons
  4 bats
  5 endoplasms
  4 giant cockroaches
  4 goblins
  A hobgoblin (D:1)
  2 jackals (D:1)
  2 kobolds
  2 frilled lizards
  4 rats (D:1)
34 creatures vanquished.

Notes
Turn   | Place    | Note
-------+----------+-------------------------------------------
     0 | D:1      | ducksouse the Demonspawn Gladiator began the quest for the
                  | Orb.
     0 | D:1      | Reached XP level 1. HP: 16/16 MP: 1/1
   130 | D:1      | Found a faded altar of an unknown god.
   134 | D:1      | Gained mutation: A meltable shield of frost defends you.
                  | (SH +4) [demonic ancestry]
   134 | D:1      | Reached XP level 2. HP: 22/22 MP: 2/2
  1143 | D:2      | Gained mutation: Spells you cast may paralyse adjacent
                  | enemies. [demonic ancestry]
  1143 | D:2      | Reached XP level 3. HP: 23/27 MP: 3/3
  1664 | D:2      | Noticed Terence
  1679 | D:2      | Killed Terence
  1680 | D:2      | Reached skill level 1 in Armour
  1895 | D:3      | Slain by an orc

Illustrated notes

Levels and vault maps discovered:
D:1:      matt_arrival_spirals, layout_rooms, ebering_ecumenical_altar_ruins,
          serial_rivers, chequers_serial_rivers_room_b,
          chequers_serial_rivers_room_a, chequers_serial_rivers_room_a,
          chequers_serial_rivers_small_3, chequers_serial_rivers_room_a,
          minmay_misc_feat_x, minmay_surrounded
D:2:      layout_rooms, uniq_terence
D:3:      layout_basic, gammafunk_temple_overflow_claw,
          grunt_temple_overflow_open, minivault_23

Skill      XL: |  1  2  3 |
---------------+----------+-----
Long Blades    | 3 |  3.3
Dodging        | 3 |  3.3
Armour         | 1 |  1.0
Fighting       | |  2.1
Throwing       | |  1.8
Stealth        | |  0.3
Spellcasting   | |  0.4

Action                   || total
-------------------------++-------
Melee: Long sword        ||   109
Throw: Throwing net      ||     2
 Stab: Sleeping          ||     1
       Held in net/web   ||     1
Armor: Leather armour    ||    29
Dodge: Dodged            ||    64
Block: Other             ||    11

Table legend: (Time is in decaauts)
 A = Elapsed time spent in this place.
 B = Non-inter-level travel time spent in this place.
 C = Inter-level travel time spent in this place.
 D = Time resting spent in this place.
 E = Time spent auto-exploring this place.
 F = Levels seen in this place.
 G = Mean time per level.
                   A        B        C        D        E       F      G
               +--------+--------+--------+--------+--------+-----+--------+
         Total |   1930 |   1870 |     60 |      0 |   1530 |   3 |  643.3 |
       Dungeon |   1930 |   1870 |     60 |      0 |   1530 |   3 |  643.3 |
               +--------+--------+--------+--------+--------+-----+--------+

Top non-repeatable levels by time:
     D:1: 1143 daAuts
     D:2: 717 daAuts
     D:3: 69 daAuts
